Map: World of Sleepers LE

Players

lllIIllIllIl

  • Race: Terran Terran
  • League: Diamond
  • Spawn Location: 1:00

Gredu - Winner!

  • Race: Zerg Zerg
  • League: Master
  • Spawn Location: 7:00

VOD

Have the link to the VOD?

Description

Time

  • Played on: Nov. 2, 2019, 8:39 p.m.
  • Length: 4:09
Show
View Real Time Build Order
Export as new Build Order

lllIIllIllIl Terran 

Build Orders:  

Get SALT Encoding   

  12  0:02  SCV  
  13  0:14  SCV  
  14  0:18  Supply Depot  
  14  0:26  SCV  
  15  0:47  Barracks  
  15  0:52  Barracks  
  15  0:59  SCV  
  16  1:11  SCV  
  17  1:14  Supply Depot  
  17  1:23  SCV  
  18  1:34  Marine  
  18  1:35  SCV  
  20  1:41  Marine  
  21  1:52  Marine  
  22  1:55  Bunker  
  22  1:59  Marine  
  23  2:06  SCV  
  24  2:09  Bunker  
  24  2:10  Marine  
  24  2:12  Bunker  
  25  2:17  Marine  
  25  2:18  SCV  
  27  2:28  Marine  
  28  2:35  Marine  
  26  2:44  Bunker  
  26  2:46  Marine  
  26  2:49  Bunker  
  27  2:52  Marine  
  26  3:03  Marine  
  27  3:10  Marine  
  27  3:18  Bunker  
  28  3:21  Marine  
  28  3:23  Refinery, Orbital Command  
  28  3:25  Refinery  
  28  3:28  Marine  
  28  3:39  Marine  
  28  3:46  Marine  
  27  3:58  Command Center  
Show
View Real Time Build Order
Export as new Build Order

Gredu Zerg - Winner!

Build Orders: Pool Only, Ravager All-In 

Get SALT Encoding   

  12  0:00  Drone  
  13  0:13  Drone  
  14  0:18  Extractor  
  14  0:20  Drone  
  14  0:27  Drone, Extractor  
  15  0:41  Spawning Pool  
  14  0:45  Overlord  
  14  0:51  Drone, Extractor  
  14  1:05  Drone x2  
  14  1:09  Drone  
  17  1:18  Drone  
  18  1:27  Roach Warren  
  18  1:28  Drone  
  18  1:39  Overlord  
  18  2:07  Roach x2  
  22  2:12  Roach  
  24  2:24  Roach  
  25  2:41  Roach  
  25  2:42  Ravager x3  
  30  2:47  Spine Crawler  
  29  2:53  Ravager  
  29  2:56  Overlord  
  29  2:57  Overlord  
  30  3:14  Overlord, Queen  
  30  3:18  Roach, Ravager  
  35  3:31  Drone  
  36  3:44  Drone  
  33  3:53  Drone  
Tags
 
Add a new tag
Caveats
  • Supply blocks, unpowered buildings, or Contaminate may cause inaccurate times.
  • Supply counts are checked every 10 seconds.